Map: Shrines of Lizul

Players

Throwfordays

  • Race: Protoss Protoss
  • League: Silver
  • Spawn Location: 6:00

Faust

  • Race: Zerg Zerg
  • League: Diamond
  • Spawn Location: 9:00

GHO

  • Race: Terran Terran
  • League: Platinum
  • Spawn Location: 3:00

Oai

  • Race: Protoss Protoss
  • League: Platinum
  • Spawn Location: 12:00

VOD

Have the link to the VOD?

Description

Time

  • Played on: April 8, 2019, 10:44 p.m.
  • Length: 13:24
Show
View Real Time Build Order
Export as new Build Order

Throwfordays Protoss 

Build Orders:  

Get SALT Encoding   

  12  0:00  Probe  
  13  0:13  Probe  
  14  0:18  Pylon  
  14  0:25  Probe  
  15  0:37  Probe  
  15  0:42  Gateway  
  16  0:52  Probe  
  17  1:00  Probe  
  17  1:02  Assimilator  
  17  1:06  Pylon  
  18  1:28  Zealot  
  18  1:29  Probe  
  21  1:35  Cybernetics Core  
  21  1:41  Probe  
  22  1:53  Warp Gate, Probe  
  23  2:02  Nexus  
  23  2:28  Probe  
  24  2:34  Gateway  
  24  2:41  Assimilator  
  24  2:45  Robotics Facility  
  24  2:51  Pylon  
  24  2:55  Pylon  
  24  3:01  Adept  
  26  3:08  Pylon  
  26  3:11  Probe  
  27  3:13  Probe  
  27  3:19  Forge  
  28  3:21  Probe  
  28  3:26  Probe  
  30  3:35  Probe  
  30  3:39  Probe  
  32  3:45  Stalker  
  32  3:47  Stalker  
  36  3:53  Probe x2  
  38  4:05  Probe x2  
  40  4:19  Probe  
  40  4:20  Probe  
  40  4:21  Protoss Ground Weapons Level 1  
  40  4:24  Immortal  
  46  4:31  Probe  
  46  4:32  Probe  
  48  4:42  Pylon  
  48  4:45  Pylon  
  48  4:49  Stalker  
  48  4:50  Sentry  
  52  4:55  Probe x2  
  55  5:07  Probe  
  55  5:08  Probe  
  55  5:10  Robotics Bay  
  56  5:17  Photon Cannon  
  56  5:20  Photon Cannon, Probe  
  57  5:23  Assimilator  
  57  5:26  Assimilator  
  57  5:28  Pylon  
  57  5:38  Probe  
  58  5:49  Twilight Council  
  58  5:52  Robotics Facility  
  58  5:55  Forge  
  58  5:59  Probe  
  58  6:03  Probe  
  60  6:12  Probe  
  60  6:14  Nexus  
  60  6:15  Probe  
  60  6:16  Assimilator  
  62  6:20  Assimilator  
  62  6:27  Probe  
  62  6:31  Protoss Ground Armor Level 1  
  62  6:32  Protoss Ground Weapons Level 2  
  63  6:33  Observer  
  63  6:35  Charge  
  64  6:56  Stalker x2  
  68  7:01  Nexus  
  68  7:05  Assimilator  
  68  7:08  Assimilator  
  68  7:12  Pylon  
  68  7:15  Pylon, Stargate  
  67  7:31  Stalker x2  
  69  8:00  Void Ray  
  69  8:03  Stargate  
  69  8:04  Colossus  
  79  8:13  Probe  
  80  8:23  Extended Thermal Lance  
  80  8:25  Probe  
  80  8:37  Stargate  
  80  8:38  Probe  
  81  8:44  Stalker x2  
  85  8:52  Observer  
  86  9:09  Zealot x2  
  90  9:11  Protoss Air Weapons Level 1  
  90  9:12  Void Ray  
  90  9:14  Void Ray  
  98  9:19  Probe  
  99  9:31  Nexus, Probe  
  98  9:43  Colossus, Probe  
  99  10:09  Zealot x2  
  103  10:15  Probe  
  104  10:27  Probe  
  71  10:38  Stalker x2  
  71  10:39  Probe  
  71  10:41  Immortal x2  
  74  10:44  Void Ray x3  
  73  10:51  Probe  
  81  11:00  Pylon  
  81  11:02  Pylon, Stalker x2  
  81  11:03  Pylon, Probe  
  84  11:08  Fleet Beacon  
  83  11:15  Probe  
  79  11:43  Immortal x2  
  79  11:44  Void Ray x3  
  79  11:46  Stalker  
  101  11:57  Pylon  
  101  11:59  Pylon  
  101  12:09  Pylon  
  101  12:11  Pylon  
Show
View Real Time Build Order
Export as new Build Order

Faust Zerg 

Build Orders: Pool First 

Get SALT Encoding   

  12  0:02  Drone  
  13  0:11  Drone  
  14  0:17  Extractor  
  14  0:18  Drone  
  15  0:40  Overlord  
  15  0:50  Spawning Pool  
  15  0:55  Overlord  
  14  1:13  Extractor  
  14  1:27  Drone, Hatchery  
  14  1:28  Drone  
  14  1:29  Extractor  
  14  1:30  Drone  
  15  1:39  Drone  
  16  1:46  Queen  
  18  1:55  Drone  
  18  2:00  Zergling x2  
  20  2:11  Zergling x2  
  21  2:22  Zergling x2  
  22  2:32  Zergling x2  
  23  2:39  Queen, Metabolic Boost  
  24  2:58  Drone x2  
  24  2:59  Drone x5  
  24  3:01  Zergling x2  
  32  3:12  Lair  
  32  3:14  Drone  
  33  3:24  Drone x2  
  33  3:26  Overlord  
  35  3:46  Drone x4  
  35  3:47  Drone  
  39  4:12  Zergling x8, Drone  
  42  4:18  Zergling x2  
  42  4:19  Zergling x2  
  43  4:30  Drone  
  43  4:31  Overlord  
  44  4:32  Hatchery, Hydralisk Den  
  42  4:41  Extractor  
  42  4:44  Drone  
  42  4:45  Drone  
  43  4:48  Drone  
  43  4:49  Overlord  
  44  4:54  Drone  
  44  4:55  Drone  
  44  4:57  Drone x5  
  44  4:58  Extractor, Drone  
  51  5:00  Extractor  
  51  5:02  Overlord  
  51  5:04  Muscular Augments  
  50  5:08  Drone  
  50  5:37  Drone x9  
  59  5:48  Spore Crawler  
  58  5:50  Queen  
  58  5:51  Spine Crawler  
  58  5:53  Overlord x3  
  58  5:56  Drone x2  
  58  5:57  Drone x3  
  63  6:01  Drone  
  65  6:15  Grooved Spines, Hydralisk x5  
  65  6:16  Hydralisk  
  76  6:20  Hydralisk  
  76  6:21  Hydralisk x2  
  82  6:28  Hydralisk  
  82  6:29  Hydralisk x2  
  88  6:36  Drone, Evolution Chamber  
  88  6:38  Drone  
  88  6:39  Evolution Chamber  
  88  6:46  Hydralisk x2  
  88  6:47  Hydralisk x3  
  98  7:03  Extractor, Drone  
  98  7:04  Extractor, Overlord  
  98  7:05  Overlord x3  
  97  7:14  Zergling x2  
  98  7:16  Overlord x2  
  98  7:27  Hatchery  
  97  7:34  Zerg Melee Weapons Level 1, Zerg Missile Weapons Level 1  
  97  7:38  Infestation Pit  
  97  7:41  Drone  
  97  7:42  Drone x4  
  97  7:43  Drone  
  97  7:44  Drone x4  
  99  8:18  Hydralisk  
  99  8:19  Hydralisk x15  
  97  8:26  Hive  
  99  8:29  Hydralisk  
  99  8:33  Spore Crawler  
  100  8:35  Overlord  
  100  8:36  Hydralisk x2  
  100  8:37  Zergling x2  
  100  8:38  Zergling x4  
  107  8:49  Zergling x2  
  107  8:50  Zergling x4  
  110  9:01  Zergling x14  
  117  9:07  Overseer  
  83  9:26  Zergling x2  
  83  9:27  Zergling x24  
  88  9:32  Hydralisk x2  
  92  9:39  Hydralisk  
  92  9:43  Swarm Host x2  
  100  9:46  Swarm Host  
  100  9:51  Hydralisk x3  
  92  10:03  Hydralisk x4  
  92  10:07  Hydralisk x2  
  99  10:15  Zerg Melee Weapons Level 2  
  99  10:16  Zerg Missile Weapons Level 2  
  99  10:19  Hydralisk  
  99  10:20  Hydralisk x9  
  101  10:42  Hydralisk  
  101  10:43  Hydralisk x7  
  97  11:18  Hydralisk  
  97  11:19  Hydralisk x10  
  97  11:21  Zergling x8  
  97  11:22  Zergling x8  
  112  11:41  Hydralisk x8  
  128  12:17  Nydus Network  
  104  12:32  Hydralisk x2  
  104  12:33  Hydralisk x12  
  109  12:48  Lurker Den  
Show
View Real Time Build Order
Export as new Build Order

GHO Terran 

Build Orders: Gas First Reaper Expand, Mech 

Get SALT Encoding   

  12  0:02  SCV  
  13  0:14  SCV  
  14  0:23  Supply Depot  
  14  0:28  Refinery  
  14  0:31  SCV  
  15  0:49  Barracks  
  15  0:52  SCV  
  16  1:04  SCV  
  17  1:16  SCV  
  18  1:28  SCV  
  19  1:40  Command Center  
  19  1:51  Orbital Command  
  19  1:59  Reaper  
  20  2:11  Refinery  
  20  2:19  Supply Depot  
  20  2:21  SCV  
  21  2:35  Barracks Tech Lab  
  21  2:39  Factory  
  21  2:58  Marine  
  21  3:02  SCV  
  23  3:12  Supply Depot  
  23  3:14  SCV  
  24  3:20  Orbital Command  
  24  3:26  SCV  
  25  3:39  Command Center  
  25  3:46  Refinery x2, SCV  
  25  3:47  SCV  
  26  4:03  SCV  
  26  4:07  Siege Tank  
  28  4:14  SCV  
  28  4:15  SCV  
  30  4:25  Barracks Reactor  
  30  4:26  SCV  
  30  4:27  SCV  
  32  4:39  SCV  
  32  4:42  Factory  
  32  4:43  Siege Tank  
  32  4:45  SCV  
  37  4:57  SCV  
  38  5:00  SCV  
  38  5:04  Marine x2  
  41  5:09  SCV  
  41  5:12  SCV  
  43  5:15  Engineering Bay  
  43  5:22  SCV  
  43  5:24  SCV  
  43  5:25  SCV  
  46  5:36  Marine x2  
  46  5:38  Siege Tank  
  46  5:40  SCV x2  
  53  5:44  Planetary Fortress  
  53  5:49  Factory Tech Lab  
  53  5:53  Missile Turret  
  53  5:54  Marine x2  
  55  5:59  Factory  
  55  6:02  SCV x2  
  57  6:14  SCV x2  
  59  6:21  Supply Depot  
  59  6:23  SCV  
  60  6:25  Siege Tank  
  60  6:26  Marine x2, SCV  
  60  6:27  SCV  
  60  6:28  Widow Mine  
  60  6:32  Refinery  
  69  6:34  Refinery  
  69  6:43  SCV x3, Supply Depot  
  72  6:47  Supply Depot  
  72  6:49  Widow Mine  
  72  6:52  Factory Reactor  
  74  6:55  SCV x2  
  74  6:56  SCV  
  77  7:05  Siege Tank  
  80  7:09  SCV x3  
  80  7:10  Supply Depot  
  83  7:37  Siege Tank  
  86  7:49  SCV x3  
  89  7:51  Siege Tank  
  89  7:52  Widow Mine x2  
  95  8:09  Siege Tank  
  92  8:37  Siege Tank  
  92  8:39  Widow Mine x2  
  92  8:41  Supply Depot  
  99  8:42  SCV x2  
  99  8:48  Supply Depot  
  101  8:50  Factory  
  101  8:53  Factory  
  101  8:55  Factory  
  101  9:02  SCV x3, Widow Mine x2  
  108  9:09  Siege Tank  
  111  9:14  SCV x3  
  97  9:36  Widow Mine, Siege Tank  
  97  9:37  Widow Mine  
  97  9:38  Factory Tech Lab x2  
  102  9:39  Supply Depot  
  102  9:41  Siege Tank  
  105  9:55  Factory Reactor  
  105  9:58  Widow Mine x2  
  106  10:00  Widow Mine, Siege Tank  
  103  10:08  Siege Tank  
  103  10:13  Siege Tank  
  109  10:19  Widow Mine x2  
  116  10:21  Siege Tank  
  110  10:32  Siege Tank  
  106  10:40  Siege Tank  
  106  10:41  Widow Mine x2  
  113  10:44  Armory  
  113  10:45  Armory  
  113  10:46  Siege Tank  
  116  10:53  Siege Tank  
  119  11:02  Widow Mine x2  
  119  11:04  Siege Tank  
  123  11:17  Command Center  
  123  11:35  Supply Depot  
  123  11:36  Widow Mine  
  125  11:56  SCV x3, Siege Tank, Supply Depot  
  125  11:57  Supply Depot  
  131  12:07  Command Center  
  131  12:08  SCV x2  
  133  12:18  Siege Tank x2  
  133  12:19  Siege Tank  
  133  12:20  Supply Depot  
  139  12:28  Siege Tank  
  126  12:56  Widow Mine x3, Hellbat  
  140  13:01  Widow Mine  
Show
View Real Time Build Order
Export as new Build Order

Oai Protoss 

Build Orders: Phoenix Opening 

Get SALT Encoding   

  12  0:00  Probe  
  13  0:13  Probe  
  14  0:18  Pylon  
  14  0:25  Probe  
  15  0:37  Probe  
  15  0:40  Gateway  
  16  0:48  Probe  
  16  0:53  Assimilator  
  16  0:57  Probe  
  18  1:05  Probe  
  19  1:14  Assimilator  
  19  1:21  Probe  
  20  1:33  Probe  
  21  1:45  Probe  
  21  1:46  Cybernetics Core  
  22  1:57  Nexus  
  22  1:59  Probe  
  23  2:06  Pylon  
  22  2:18  Zealot  
  22  2:27  Probe  
  25  2:31  Gateway, Warp Gate  
  25  2:39  Probe  
  25  2:40  Stalker  
  28  2:58  Pylon  
  28  3:04  Stargate  
  28  3:06  Probe  
  28  3:08  Probe  
  28  3:10  Stalker  
  30  3:14  Probe  
  33  3:26  Stalker  
  35  3:35  Robotics Facility  
  35  3:43  Probe  
  35  3:46  Probe  
  37  3:50  Phoenix  
  37  3:55  Zealot, Probe  
  40  3:58  Probe  
  40  4:01  Zealot  
  43  4:08  Probe  
  44  4:14  Gateway  
  41  4:27  Phoenix  
  41  4:31  Immortal  
  47  4:32  Probe  
  48  4:53  Probe x2  
  50  5:08  Void Ray  
  50  5:13  Pylon  
  54  5:16  Pylon  
  54  5:17  Pylon  
  54  5:20  Assimilator  
  54  5:23  Pylon  
  54  5:26  Probe  
  54  5:27  Observer  
  54  5:31  Probe  
  54  5:35  Gateway  
  55  5:36  Gateway  
  55  5:39  Forge  
  55  5:41  Probe  
  55  5:43  Probe  
  55  5:45  Assimilator  
  55  5:49  Probe  
  57  5:52  Zealot  
  57  5:55  Probe  
  57  5:56  Stalker  
  63  5:57  Probe  
  63  6:04  Void Ray  
  68  6:09  Probe x2  
  70  6:20  Zealot x3  
  76  6:32  Nexus  
  76  6:36  Pylon  
  76  6:38  Probe  
  77  6:41  Probe  
  77  6:42  Protoss Ground Weapons Level 1  
  78  6:47  Zealot  
  78  6:48  Stalker  
  82  6:58  Twilight Council  
  82  7:02  Immortal  
  82  7:07  Probe x2  
  88  7:19  Probe x2  
  90  7:26  Charge  
  90  7:28  Stalker  
  90  7:29  Zealot x2  
  94  7:35  Gateway  
  94  7:39  Templar Archives  
  94  7:44  Probe x3  
  94  7:47  Assimilator  
  97  7:56  Stalker  
  97  7:57  Stalker  
  101  7:59  Sentry  
  101  8:00  Sentry  
  101  8:01  Sentry  
  99  8:23  Zealot  
  99  8:24  Stalker x3  
  99  8:25  Stalker  
  109  8:33  Assimilator  
  109  8:35  Gateway  
  109  8:36  Gateway  
  109  8:46  Pylon  
  109  8:54  Gateway  
  109  9:04  Void Ray, Probe x3  
  109  9:05  Protoss Ground Weapons Level 2  
  109  9:08  Forge  
  116  9:10  Pylon  
  116  9:11  Pylon  
  116  9:12  Pylon  
  116  9:14  Pylon  
  116  9:15  Pylon  
  116  9:16  Probe  
  117  9:36  Stalker x3  
  117  9:37  High Templar, Zealot x2  
  117  9:38  High Templar x2  
  133  9:45  Immortal  
  133  9:46  Nexus  
  133  9:52  Protoss Ground Armor Level 1  
  123  10:02  Psionic Storm  
  123  10:04  Zealot  
  123  10:05  Zealot x2  
  123  10:06  Zealot  
  131  10:21  Pylon  
  131  10:23  Zealot x2  
  131  10:24  Immortal  
  131  10:25  Zealot  
  123  10:49  Zealot x3  
  129  10:50  High Templar x2  
  129  10:51  Zealot x2, Stalker x2  
  141  11:03  Probe x3  
  144  11:09  Blink  
  144  11:11  Immortal  
  136  11:22  Void Ray  
  142  11:31  High Templar  
  142  11:32  Stalker x2  
  144  11:33  Zealot  
  146  11:48  Probe x3  
  146  11:50  Probe  
  146  11:51  Immortal  
  146  11:53  Stalker x2  
  158  11:54  Stalker x2  
  158  11:57  Archon  
  153  12:12  Zealot x2  
  157  12:17  Probe  
  152  12:29  Probe  
  140  12:32  Probe x3  
  133  12:40  Pylon  
  133  12:41  High Templar x2, Probe  
  133  12:42  Zealot x2, Stalker  
  144  12:51  Stalker x2  
  146  12:52  Stalker x2  
  146  12:54  Probe  
  143  13:06  Probe  
  133  13:16  Zealot x4  
  133  13:17  Zealot x3, Stalker  
  133  13:18  Stalker  
Tags
 
Add a new tag
Caveats
  • Supply blocks, unpowered buildings, or Contaminate may cause inaccurate times.
  • Supply counts are checked every 10 seconds.